cohdb
Replays
Latest Replays
All Replays
Popular Replays
Top Player Replays
Match Explorer
How It Works
Community
CoH3 Stats
Reddit
Sign in to upload your games and track your stats! →
Sign in with Steam
Match 41639495
Unlisted
Match 41639495
Overview
Messages
Build Orders
End
Construct Infanterie Kompanie
Kettenkrad Recon Vehicle
MG 42 Machine Gun Team
Grenadier Squad
Grenadier Squad
Kettenkrad Recon Vehicle
Construct Panzergrenadier Kompanie
Panzergrenadier Squad
Pak 40 Anti-tank Gun Team
Panzergrenadier Squad
Pak 40 Anti-tank Gun Team
REDFORCE
ohuyaa
Elko8001
大英警察进小学
Chubbybro
Murmillo
Exf
Gravey
0
0
Comments
sign in to comment!
No comments posted yet!